 Dungeon Crawl Stone Soup version 0.31-a0-174-g85c54bcb58 (webtiles) character file.

Game seed: 6879080128761112271

12 dohliylev the Trooper (level 2, 0/27 HPs)
             Began as a Minotaur Fighter on June 16, 2023.
             Killed from afar by Terence (7 damage)
             ... with a puff of flame
             ... on level 2 of the Dungeon.
             The game lasted 00:01:20 (766 turns).

dohliylev the Trooper (Minotaur Fighter)             Turns: 766, Time: 00:01:20

Health: 0/27       AC:  9    Str: 20    XL:     2   Next: 20%
Magic:  1/1        EV:  7    Int:  5    God:
Gold:   57         SH:  4    Dex:  9    Spells: 1/1 levels left

rFire   . . .        a - +0 war axe
rCold   . . .        c - +0 buckler
rNeg    . . .        k - +0 chain mail
rPois   .            (helmet restricted)
rElec   .            (no cloak)
rCorr   .            (no gloves)
SInv    .            (no boots)
Will    .....        (no amulet) Stlth
                     (no ring)
HPRegen 0.24/turn    (no ring)
MPRegen 0.07/turn

%: no passive effects
@: no status effects
A: horns 2, retaliatory headbutt
a: no special abilities


You were on level 2 of the Dungeon.
You visited 1 branch of the dungeon, and saw 2 of its levels.

You collected 57 gold pieces.

Inventory:

Hand Weapons
 a - a +0 war axe (weapon)
Armour
 c - a +0 buckler (worn)
 k - a +0 chain mail (worn)
Wands
 j - a wand of polymorph (11)
Scrolls
 b - a scroll of amnesia {unknown}
 g - a scroll of teleportation {unknown}
 i - a scroll of identify {unknown}
Potions
 d - a potion of might
 e - a potion of haste {unknown}
 f - a potion of curing {unknown}
 h - 2 potions of cancellation {unknown}


   Skills:
 * Level 4.1 Fighting
 + Level 2.4 Axes
 + Level 3.8 Armour
 + Level 3.8 Shields


You had one spell level left.
You didn't know any spells.
Your spell library was empty.

Dungeon Overview and Level Annotations

Branches:
Dungeon (2/15)

Altars:

Shops:
D:1 =

Annotations:
D:2 Terence


Innate Abilities, Weirdness & Mutations

You have a pair of horns on your head.
You reflexively headbutt those who attack you in melee.


Message History

You now have 57 gold pieces (gained 9).
You see here a +0 chain mail.
k - a +0 chain mail You start removing your armour.
You continue taking off your +0 scale mail. x4
You finish taking off your +0 scale mail.
You start putting on your armour.
You continue putting on your +0 chain mail. x5
You finish putting on your +0 chain mail.
You drop a +0 scale mail.
b - a scroll labelled NUESAGEXE Terence the Incautious comes into view.
He is wielding a +0 flail and carrying a wand of flame (23).
Terence shouts!
Terence zaps a wand.
You block the puff of flame.
Terence zaps a wand.
The puff of flame hits you.
Sorry, you're not good enough to have a special ability.
Sorry, you're not good enough to have a special ability.
Terence hits you with a +0 flail.
You completely miss Terence. Terence hits you with a +0 flail.
You barely miss Terence. Terence barely misses you.
You hit Terence.
Terence is moderately wounded.
Terence hits you with a +0 flail! Terence hits you with a +0 flail.
You hit Terence but do no damage.
Terence is moderately wounded.
Terence hits you but does no damage.
You barely miss Terence. Your headbutt misses Terence.
Terence is moderately wounded.
Terence hits you with a +0 flail.
* * * LOW HITPOINT WARNING * * *
You closely miss Terence.
Terence is moderately wounded.
Terence screams, "I want your blood!" Terence hits you with a +0 flail.
* * * LOW HITPOINT WARNING * * *
Terence hits you but does no damage.
You closely miss Terence.
Terence is moderately wounded.
Terence zaps a wand.
The puff of flame hits you!
You die...

#.........#####
####.####.....#
#.####+###.#####
#...............
#........#.#####
#######........#.#
#.....$........#.#
+..............#.#
#...@@.......[.#.#
#.......##.....#+###
#..$....##.........#
#.......###.###....+
#.......# #.# ....#
#.......# #.# #+#+#
#####...# #.. #...#
###


You could see Terence.

Vanquished Creatures
  A hobgoblin (D:1)
  3 jackals (D:1)
  A ball python (D:1)
  2 frilled lizards (D:1)
  2 kobolds (D:1)
  3 rats (D:1)
  A spectral goblin (D:1)
13 creatures vanquished.

Notes
Turn   | Place    | Note
-------+----------+-------------------------------------------
     0 | D:1      | dohliylev the Minotaur Fighter began the quest for the Orb.
     0 | D:1      | Reached XP level 1. HP: 19/19 MP: 0/0
   390 | D:1      | Reached skill level 4 in Fighting
   440 | D:1      | Found a faded altar of an unknown god.
   561 | D:1      | Reached XP level 2. HP: 26/27 MP: 1/1
   567 | D:1      | Found Beoclal's Jewellery Boutique.
   755 | D:2      | Noticed Terence
   766 | D:2      | Killed from afar by Terence

Illustrated notes

Levels and vault maps discovered:
D:1:      nzn_arrival_water_spiral, layout_basic, serial_shops, shop,
          dreamdust_ecumenical_altar_drowned_temple
D:2:      layout_basic, basic_altar, grunt_decor_fettered, uniq_natasha,
          uniq_terence

Skill      XL: |  1 |
---------------+----+-----
Fighting       | 4 |  4.1
Axes           | |  2.4
Armour         | |  3.8
Shields        | |  3.8

Action                     || total
---------------------------++-------
  Melee: War axe           ||    35
         Headbutt          ||     1
 Armour: Scale mail        ||    13
         Chain mail        ||     2
  Dodge: Dodged            ||    14
  Block: Buckler           ||     3

Table legend: (Time is in decaauts)
 A = Elapsed time spent in this place.
 B = Non-inter-level travel time spent in this place.
 C = Inter-level travel time spent in this place.
 D = Time resting spent in this place.
 E = Time spent auto-exploring this place.
 F = Levels seen in this place.
 G = Mean time per level.
                   A        B        C        D        E       F      G
               +--------+--------+--------+--------+--------+-----+--------+
         Total |    792 |    784 |      8 |      0 |    627 |   2 |  396.0 |
       Dungeon |    792 |    784 |      8 |      0 |    627 |   2 |  396.0 |
               +--------+--------+--------+--------+--------+-----+--------+

Top non-repeatable levels by time:
     D:1: 729 daAuts
     D:2: 63 daAuts
